 Dungeon Crawl Stone Soup version 0.20.0-15-g7f486f2 (webtiles) character file.

198 Jmtistic the Conjurer (level 6, -2/44 HPs)
             Began as a Human Conjurer on June 11, 2017.
             Was a Follower of Qazlal.
             Slain by a hippogriff (9 damage)
             ... on level 4 of the Dungeon.
             The game lasted 00:26:24 (3537 turns).

Jmtistic the Conjurer (Human Conjurer)              Turns: 3537, Time: 00:26:25

Health: -2/44      AC:  4    Str:  8    XL:     6   Next: 5%
Magic:  14/19      EV: 12    Int: 18    God:    Qazlal [*.....]
Gold:   75         SH:  1    Dex: 13    Spells: 4/10 levels left

rFire    . . .     SeeInvis .   l - +1 flail (venom)
rCold    + . .     Gourm    .   (no shield)
rNeg     . . .     Faith    .   q - +1 leather armour {rC+}
rPois    .         Spirit   .   (no helmet)
rElec    .         Reflect  .   (no cloak)
rCorr    .         Harm     .   (no gloves)
MR       .....                  (no boots)
Stlth    ++........             (no amulet)
Regen    0.2/turn               s - ring of magical power
MPRegen  0.2/turn               (no ring)

@: no status effects
A: no striking features
a: Renounce Religion


You were on level 4 of the Dungeon.
You worshipped Qazlal.
Qazlal was aware of your devotion.
You were hungry.

You visited 1 branch of the dungeon, and saw 4 of its levels.

You collected 75 gold pieces.

Inventory:

Hand Weapons
 h - a +0 dagger
 l - a +1 flail of venom (weapon)
Armour
 a - a +0 robe
 q - a +1 leather armour of cold resistance (worn)
Jewellery
 s - a ring of magical power (left hand)
Scrolls
 f - 4 scrolls of identify {unknown}
 j - a scroll of amnesia
 n - 2 scrolls of blinking {unknown}
 o - a scroll of immolation {unknown}
 t - a scroll of fog {unknown}
Potions
 e - a potion of agility
 i - 3 potions of haste
 p - a potion of might {unknown}
Books
 b - a book of Conjurations

   Spells                             Type                      Level
   a - Magic Dart                     Conjuration                  1
   b - Searing Ray                    Conjuration                  2
   c - Dazzling Spray                 Conjuration/Hexes            3
   d - Fulminant Prism                Conjuration/Hexes            4
   e - Force Lance                    Conjuration/Translocation    4
   f - Iskenderun's Mystic Blast      Conjuration                  4
Comestibles
 c - 2 bread rations
 g - 2 meat rations
 m - 2 royal jellies


   Skills:
 * Level 1.8 Fighting
 + Level 0.6 Maces & Flails
 + Level 0.8 Armour
 + Level 2.2 Dodging
 - Level 2.0 Stealth
 * Level 2.9 Spellcasting
 * Level 5.5 Conjurations
 * Level 0.7 Invocations


You had 4 spell levels left.
You knew the following spells:

 Your Spells              Type           Power        Failure   Level  Hunger
a - Magic Dart            Conj           ###.         2%          1    None
b - Searing Ray           Conj           ###...       3%          2    ##.....
c - Dazzling Spray        Conj/Hex       ##....       22%         3    ###....


Dungeon Overview and Level Annotations

Branches:
Dungeon (4/15)
 Temple: D:4-7

Altars:
Nemelex Xobeh
Okawaru
Qazlal
Trog
The Shining One

Shops:
D:4 (

Annotations:
D:4 Dwachs's ghost, novice GrFi


Message History

The hippogriff is lightly wounded. (Press . to maintain the ray.)
The searing ray hits the hippogriff.
The hippogriff is moderately wounded.
The hippogriff bites you.
The hippogriff pecks you but does no damage.
The hippogriff misses you.
The searing ray hits the hippogriff.
The hippogriff is heavily wounded.
You finish channeling your searing ray.
The hippogriff barely misses you.
The hippogriff pecks you but does no damage.
The hippogriff claws you. The hippogriff bites you! The hippogriff pecks you.
The hippogriff claws you. The hippogriff barely misses you.
The hippogriff completely misses you. The hippogriff claws you.
The hippogriff bites you!
* * * LOW HITPOINT WARNING * * *
The hippogriff closely misses you. The hippogriff barely misses you.
The hippogriff bites you!
You die...

.#.#.#.#.#.#.#... ##$## ...#.#
..#.#.#.#.#.#.#..###..##..#.##
.....#.#.#.#.#........†....#..
....#.#.#.#.#.#...........#.#>
.....#.#. #.#.#.#.#...#.#.#
..#.#.#. #.#.#[#.#.#.#.#.#.#
##.#.#. #.#≈≈≈#.#.#.#.#.#
#.#≈≈§§≈#.#.#.#.#.#
#.≈≈H@..#†#.#.#.#..
#.#≈≈≈§≈#.#.#.#.#.#.
#.#≈≈≈#.#.#.#.#.#.
#.#.#.#.#.#.#.#.#.# #.#.# #
#.#.#.#+#. #.#.# #.#.... #.#.#
#.#... #### ##..


You could see a hippogriff.

Vanquished Creatures
  A scorpion (D:4)
  An orc priest (D:3)
  3 gnolls (D:2)
  2 adders
  3 worms (D:2)
  2 leopard geckos (D:3)
  4 orcs (D:3)
  6 giant cockroaches
  7 goblins
  2 hobgoblins
  2 jackals (D:3)
  8 kobolds
  2 quokkas
  A ball python (D:3)
  4 bats
  7 frilled lizards
  7 rats
62 creatures vanquished.

Vanquished Creatures (others)
  4 toadstools (D:1)
4 creatures vanquished.

Grand Total: 66 creatures vanquished

Notes
Turn   | Place    | Note
-------+----------+-------------------------------------------
     0 | D:1      | Jmtistic the Human Conjurer began the quest for the Orb.
     0 | D:1      | Reached XP level 1. HP: 13/13 MP: 3/3
   209 | D:1      | Reached XP level 2. HP: 19/19 MP: 0/5
   631 | D:1      | Learned a level 2 spell: Searing Ray
   712 | D:2      | Reached XP level 3. HP: 18/25 MP: 0/6
   905 | D:2      | Found a sparkling altar of Nemelex Xobeh.
   962 | D:2      | Reached skill level 5 in Conjurations
  1184 | D:2      | Reached XP level 4. HP: 31/31 MP: 5/7
  1992 | D:2      | Found a stormy altar of Qazlal.
  2000 | D:2      | Became a worshipper of Qazlal Stormbringer
  2177 | D:2      | Reached skill level 1 in Fighting
  2500 | D:3      | Found an iron altar of Okawaru.
  2504 | D:3      | Reached XP level 5. HP: 37/37 MP: 0/8
  2616 | D:3      | Reached * piety under Qazlal
  2765 | D:3      | Found a glowing golden altar of the Shining One.
  3021 | D:4      | Noticed a wyvern
  3036 | D:4      | Noticed Dwachs's ghost (novice GrFi)
  3037 | D:4      | Noticed an ogre
  3293 | D:4      | Noticed a hippogriff
  3431 | D:3      | Learned a level 3 spell: Dazzling Spray
  3447 | D:4      | Found a bloodstained altar of Trog.
  3455 | D:4      | Found Kenirir's Antique Weapon Boutique.
  3470 | D:4      | Reached XP level 6. HP: 30/44 MP: 10/10
  3537 | D:4      | Slain by a hippogriff

Skill      XL: |  1  2  3  4 |
---------------+-------------+-----
Conjurations   | 5 |  5.5
Fighting       | 1 |  1.8
Maces & Flails | |  0.6
Armour         | |  0.8
Dodging        | |  2.2
Stealth        | |  2.0
Spellcasting   | |  2.9
Invocations    | |  0.7

Action                   |  1- 3 |  4- 6 || total
-------------------------+-------+-------++-------
Melee: Dagger            |    18 |       ||    18
       Flail             |       |    33 ||    33
 Cast: Magic Dart        |    53 |    97 ||   150
       Searing Ray       |       |     2 ||     2
  Use: Potion            |     3 |       ||     3
       Scroll            |       |     4 ||     4
  Eat: Chunk             |     1 |     8 ||     9
Armor: Robe              |     2 |       ||     2
       Leather armour    |       |    11 ||    11
Dodge: Dodged            |    31 |    31 ||    62
